 Dungeon Crawl Stone Soup version 0.20.1-1-g8b1a95d (webtiles) character file.

155 gungr the Insei (level 5, -9/33 HPs)
             Began as an Octopode Transmuter on Oct 29, 2017.
             Mangled by a gnoll
             ... wielding a +0 halberd
              (12 damage)
             ... on level 2 of the Dungeon.
             The game lasted 00:05:35 (2725 turns).

gungr the Insei (Octopode Transmuter)               Turns: 2725, Time: 00:05:36

Health: -9/33      AC:  1    Str: 10    XL:     5   Next: 37%
Magic:  8/8        EV: 13    Int: 16    God:
Gold:   52         SH:  4    Dex: 12    Spells: 5/8 levels left

rFire    . . .     SeeInvis +     - Unarmed
rCold    . . .     Gourm    .   (no shield)
rNeg     . . .     Faith    .   (helmet restricted)
rPois    .         Spirit   .   (no amulet)
rElec    .         Reflect  .   c - ring of see invisible
rCorr    .         Harm     .   (no ring)
MR       .....                  (no ring)
Stlth    ++........             (no ring)
Regen    0.2/turn               (no ring)
MPRegen  0.2/turn               (no ring)
                                (no ring)
                                (no ring)

@: no status effects
A: almost no armour, stealthy swim, amphibious, 8 rings, constrict 8, large bone
plates 1, camouflage 1, gelatinous body 1
a: no special abilities


You were on level 2 of the Dungeon.
You were not hungry.

You visited 1 branch of the dungeon, and saw 3 of its levels.

You collected 52 gold pieces.

Inventory:

Missiles
 a - 7 arrows
Jewellery
 c - a ring of see invisible (left tentacle)
Wands
 f - a wand of flame (20/48)
Scrolls
 e - 2 scrolls of enchant armour {unknown}
 g - a scroll of identify {unknown}
Potions
 i - a potion of curing
Books
 b - a book of Changes

   Spells                             Type                      Level
   a - Beastly Appendage              Transmutation                1
   b - Sticks to Snakes               Transmutation                2
   c - Spider Form                    Transmutation/Poison         3
   d - Ice Form                       Ice/Transmutation            4
   e - Blade Hands                    Transmutation                5
Comestibles
 d - 5 fruits
 h - a royal jelly


   Skills:
 - Level 1.0 Fighting
 - Level 2.1 Dodging
 * Level 5.6 Unarmed Combat
 - Level 2.2 Spellcasting
 - Level 2.0 Transmutations


You had 5 spell levels left.
You knew the following spells:

 Your Spells              Type           Power        Failure   Level  Hunger
a - Beastly Appendage     Tmut           #.....       9%          1    #......
b - Sticks to Snakes      Tmut           #.......     13%         2    ###....


Dungeon Overview and Level Annotations

Branches:
Dungeon (3/15)

Altars:


Innate Abilities, Weirdness & Mutations

You cannot wear most types of armour.
You are very stealthy in the water. (Stealth+)
You are amphibious.
You can wear up to eight rings at the same time.
You can use your tentacles to constrict eight enemies at once.
Your skin changes colour to match your surroundings (Stealth+).
Your rubbery body absorbs attacks. (AC +1, EV +1)
You are partially covered in large bone plates. (SH +4)


Message History

You start resting.
Your tentacle spike disappears.
You start resting.
The gnoll shouts!
The gnoll closely misses you. The gnoll hits you with a halberd!
You closely miss the gnoll.
The gnoll shouts!
Your grab misses the gnoll. You barely miss the gnoll. You grab the gnoll.
You constrict the gnoll. The gnoll hits you with a halberd.
You tentacle-slap the gnoll.
The gnoll is moderately wounded.
You constrict the gnoll. The gnoll hits you with a halberd!
* * * LOW HITPOINT WARNING * * *
You tentacle-slap the gnoll.
The gnoll is heavily wounded.
You constrict the gnoll. The gnoll closely misses you.
The gnoll hits you with a halberd!
You die...

#..........<.gg..####......
#..........................
#.....#.........)..........
#>.<..##.......###.........
#####.###...[.## ##........
#..##g...## ##.......
##.##....# #....).(
#.###gg## #...>...
##...)@.## #...#...
#...###..# ##......
#..###..## #......# ####
#..##...##. #.#.#..#
#....#.....#)# . #.#.....
#.....>..###.###. ##......
#.....##..##.#.##.####......
#....# ##....#.##.#.##......
#.... ###[.).##...##......


You could see 3 gnolls.

Vanquished Creatures
  Jessica (D:2)
  Robin (D:2)
  An adder (D:2)
  5 gnolls
  An ooze (D:1)
  2 worms (D:2)
  2 dart slugs
  A leopard gecko (D:1)
  2 giant cockroaches
  14 goblins
  5 hobgoblins
  2 bats
  6 kobolds
  4 rats (D:1)
47 creatures vanquished.

Vanquished Creatures (collateral kills)
  A giant cockroach (D:2)
  A hobgoblin (D:2)
2 creatures vanquished.

Grand Total: 49 creatures vanquished

Notes
Turn   | Place    | Note
-------+----------+-------------------------------------------
     0 | D:1      | gungr the Octopode Transmuter began the quest for the Orb.
     0 | D:1      | Reached XP level 1. HP: 13/13 MP: 3/3
   195 | D:1      | Reached XP level 2. HP: 13/18 MP: 3/5
   899 | D:2      | Noticed Robin
   906 | D:2      | Reached XP level 3. HP: 15/23 MP: 4/6
   907 | D:2      | Gained mutation: You are partially covered in large bone plates. (SH +4) [potion of mutation]
  1071 | D:2      | Reached skill level 4 in Unarmed Combat
  1083 | D:2      | Killed Robin
  1654 | D:2      | Reached XP level 4. HP: 19/28 MP: 5/7
  1946 | D:2      | Learned a level 2 spell: Sticks to Snakes
  1970 | D:2      | Noticed Jessica
  1986 | D:2      | Killed Jessica
  1986 | D:2      | Reached skill level 5 in Unarmed Combat
  2435 | D:3      | Reached XP level 5. HP: 18/33 MP: 8/8
  2725 | D:2      | Mangled by a gnoll

Skill      XL: |  1  2  3  4 |
---------------+-------------+-----
Unarmed Combat | 4 5 |  5.6
Fighting       | |  1.0
Dodging        | |  2.1
Spellcasting   | |  2.2
Transmutations | |  2.0

Action                   |  1- 3 |  4- 6 || total
-------------------------+-------+-------++-------
Melee: Unarmed           |    71 |    43 ||   114
       Constrict         |    19 |    14 ||    33
       Tentacles         |     7 |     9 ||    16
       Kick              |     4 |     7 ||    11
       Punch             |     1 |     3 ||     4
 Cast: Beastly Appendage |     4 |     2 ||     6
       Sticks to Snakes  |       |     5 ||     5
  Use: Potion            |     1 |       ||     1
 Stab: Sleeping          |     3 |       ||     3
       Distracted        |     1 |       ||     1
  Eat: Bread ration      |     1 |     1 ||     2
Armor: Skin              |     4 |     3 ||     7
Dodge: Dodged            |    23 |    20 ||    43
Block: Other             |     3 |     8 ||    11
